MLB
BOSTON RED SOX @ CALIFORNIA ANGELS
09/07/2048
 
TOP OF THE 1ST
Boston Red Sox batting - Pitching for California Angels : RHP Harambe Vick
Pitching: RHP Harambe Vick
Batting: RHB Nick Esteves 0-0: Ball
1-0: Ball
2-0: Called Strike
2-1: Called Strike
2-2: Foul Ball, location: 2F
2-2: Ball
3-2: Strikes out looking
Batting: RHB Cesar Breceda 0-0: Ball
1-0: Foul Ball, location: 2F
1-1: Ball
2-1: Foul Ball, location: 2F
2-2: Strikes out swinging
Batting: LHB Jarrett Mordecai 0-0: Swinging Strike
0-1: Ball
1-1: Foul Ball, location: 2F
1-2: Strikes out swinging
Top of the 1st over - 0 runs, 0 hits, 0 errors, 0 left on base; Boston 0 - California 0
BOTTOM OF THE 1ST
California Angels batting - Pitching for Boston Red Sox : LHP Momosuke Sato
Pitching: LHP Momosuke Sato
Batting: RHB Ruben Velasco 0-0: Ball
1-0: Called Strike
1-1: Swinging Strike
1-2: Foul Ball, location: 2F
1-2: Foul Ball, location: 2F
1-2: Fly out, F7 (Flyball, 78M, EV 85.6 MPH)
Batting: RHB Nick Dunn 0-0: SINGLE (Groundball, 6M, EV 96.9 MPH) (infield hit)
Batting: RHB Preston Deakyne 0-0: Called Strike
0-1: Swinging Strike
0-2: Foul Ball, location: 2F
0-2: Ball
1-2: Ball
2-2: Foul Ball, location: 2F
2-2: Ball
3-2: SINGLE (Flyball, 34D, EV 93.1 MPH)
Nick Dunn to second
Nick Dunn to third
Batting: RHB Alain Delhaye 0-0: Ball
Preston Deakyne steals 2nd base
1-0: Swinging Strike
1-1: Swinging Strike
1-2: Strikes out looking
Batting: RHB Bjoern Waltersson 0-0: Ball
1-0: Called Strike
1-1: SINGLE (Line Drive, 6D, EV 95.6 MPH)
Nick Dunn scores
Preston Deakyne to third
Runner from 3rd tries for Home, SAFE, throw by LF to home
Batting: RHB Mike Harkins 0-0: Called Strike
0-1: Ball
1-1: Ball
2-1: TRIPLE (Line Drive, 8LXD, EV 106.9 MPH)
Bjoern Waltersson scores
Batting: RHB Avery Maxwell 0-0: Called Strike
0-1: Ball
1-1: Ball
2-1: Ground out 5-3 (Groundball, 56S, EV 86.9 MPH)
Bottom of the 1st over - 3 runs, 4 hits, 0 errors, 1 left on base; Boston 0 - California 3
TOP OF THE 2ND
Boston Red Sox batting - Pitching for California Angels : RHP Harambe Vick
Batting: RHB David Price Jr. 0-0: Called Strike
0-1: SINGLE (Line Drive, 56D, EV 102.5 MPH)
Batting: RHB Josh Froyd 0-0: Swinging Strike
0-1: Grounds into double play, 4-6-3 (Groundball, 4, EV 102.5 MPH)
Batting: SHB Marvin Lawrence 0-0: Called Strike
0-1: Ball
1-1: Called Strike
1-2: Fly out, F7 (Flyball, 7, EV 91.2 MPH)
Top of the 2nd over - 0 runs, 1 hit, 0 errors, 0 left on base; Boston 0 - California 3
BOTTOM OF THE 2ND
California Angels batting - Pitching for Boston Red Sox : LHP Momosuke Sato
Batting: LHB James McCauley 0-0: Ball
1-0: Called Strike
1-1: Foul Ball, location: 2F
1-2: Ball
2-2: Ball
3-2: Foul Ball, location: 2F
3-2: Ground out 6-3 (Groundball, 6M, EV 98.8 MPH)
Batting: LHB Javier Trujillo 0-0: Ball
1-0: Ball
2-0: Ball
3-0: Called Strike
3-1: Fly out, F7 (Flyball, 78M, EV 83.8 MPH)
Batting: RHB Ruben Velasco 0-0: Ball
1-0: Ball
2-0: Called Strike
2-1: Swinging Strike
2-2: Ball
3-2: Base on Balls
Batting: RHB Nick Dunn 0-0: Called Strike
0-1: Foul Ball, location: 2F
0-2: 2-RUN HOME RUN (Flyball, 78XD, EV 105.6 MPH), Distance : 434 ft
Batting: RHB Preston Deakyne 0-0: Called Strike
0-1: Ground out 3-1 (Groundball, 34, EV 80.6 MPH)
Bottom of the 2nd over - 2 runs, 1 hit, 0 errors, 0 left on base; Boston 0 - California 5
TOP OF THE 3RD
Boston Red Sox batting - Pitching for California Angels : RHP Harambe Vick
Batting: LHB Zack Guillen 0-0: Called Strike
0-1: Swinging Strike
0-2: Ball
1-2: Ball
2-2: Strikes out swinging
Batting: LHB Tim Fuller 0-0: Called Strike
0-1: Called Strike
0-2: Ball
1-2: Fly out, F1 (Line Drive, P, EV 69.4 MPH)
Batting: RHB Joe Sandoval 0-0: Ground out 6-3 (Groundball, 6, EV 81.9 MPH)
Top of the 3rd over - 0 runs, 0 hits, 0 errors, 0 left on base; Boston 0 - California 5
BOTTOM OF THE 3RD
California Angels batting - Pitching for Boston Red Sox : LHP Momosuke Sato
Pitching: RHP Roberto Morales
Batting: RHB Alain Delhaye 0-0: Ball
1-0: Swinging Strike
1-1: Ground out 6-3 (Groundball, 56, EV 83.8 MPH)
Batting: RHB Bjoern Waltersson 0-0: Ball
1-0: Ground out 6-3 (Groundball, 6, EV 98.1 MPH)
Batting: RHB Mike Harkins 0-0: Ball
1-0: Ball
2-0: Foul Ball, location: 2F
2-1: Reached on error, E3 (Groundball, 3, EV 105.6 MPH)
Batting: RHB Avery Maxwell 0-0: Ball
1-0: Called Strike
1-1: Ball
2-1: Swinging Strike
2-2: Foul Ball, location: 2F
2-2: Ball
3-2: Foul Ball, location: 2F
3-2: Base on Balls
Mike Harkins to second
Batting: LHB James McCauley 0-0: Called Strike
0-1: Swinging Strike
0-2: Fly out, F9 (Flyball, 9, EV 93.1 MPH)
Bottom of the 3rd over - 0 runs, 0 hits, 1 error, 2 left on base; Boston 0 - California 5
TOP OF THE 4TH
Boston Red Sox batting - Pitching for California Angels : RHP Harambe Vick
Batting: RHB Nick Esteves 0-0: Ball
1-0: Swinging Strike
1-1: Swinging Strike
1-2: Strikes out swinging
Batting: RHB Cesar Breceda 0-0: Called Strike
0-1: Ball
1-1: Fly out, F8 (Line Drive, 8RD, EV 99.4 MPH)
Batting: LHB Jarrett Mordecai 0-0: Ball
1-0: Fly out, F4 (Flyball, 34D, EV 80.6 MPH)
Top of the 4th over - 0 runs, 0 hits, 0 errors, 0 left on base; Boston 0 - California 5
BOTTOM OF THE 4TH
California Angels batting - Pitching for Boston Red Sox : RHP Roberto Morales
Batting: LHB Javier Trujillo 0-0: Called Strike
0-1: Ball
1-1: SINGLE (Line Drive, 6M, EV 95.0 MPH)
Batting: RHB Ruben Velasco 0-0: Foul Ball, location: 2F
0-1: Called Strike
0-2: Fly out, F9 (Flyball, 9LS, EV 83.8 MPH)
Batting: RHB Nick Dunn 0-0: Ball
Javier Trujillo is caught stealing 2nd base 2-4
1-0: Ball
2-0: Ball
3-0: Called Strike
3-1: Fly out, F9 (Line Drive, 89M, EV 86.9 MPH)
Bottom of the 4th over - 0 runs, 1 hit, 0 errors, 0 left on base; Boston 0 - California 5
TOP OF THE 5TH
Boston Red Sox batting - Pitching for California Angels : RHP Harambe Vick
Batting: RHB David Price Jr. 0-0: Called Strike
0-1: Foul Ball, location: 2F
0-2: Ball
1-2: Strikes out swinging
Batting: RHB Josh Froyd 0-0: Ball
1-0: Called Strike
1-1: Swinging Strike
1-2: Ball
2-2: Strikes out swinging
Batting: SHB Marvin Lawrence 0-0: Ball
1-0: Foul Ball, location: 2F
1-1: Ball
2-1: Ball
3-1: Fly out, F7 (Line Drive, 7LM, EV 88.8 MPH)
Top of the 5th over - 0 runs, 0 hits, 0 errors, 0 left on base; Boston 0 - California 5
BOTTOM OF THE 5TH
California Angels batting - Pitching for Boston Red Sox : RHP Roberto Morales
Batting: RHB Preston Deakyne 0-0: Ball
1-0: Called Strike
1-1: Called Strike
1-2: Ball
2-2: Foul Ball, location: 2F
2-2: Ball
3-2: Base on Balls
Pitching: RHP Jon Mercado
Batting: RHB Alain Delhaye 0-0: Ball
1-0: Called Strike
Preston Deakyne steals 2nd base (no throw)
1-1: Ball
2-1: Foul Ball, location: 2F
2-2: SINGLE (Groundball, 34D, EV 97.5 MPH)
Preston Deakyne to third
Runner from 3rd tries for Home, SAFE, throw by RF to home
Batting: RHB Bjoern Waltersson 0-0: Called Strike
0-1: Swinging Strike
0-2: SINGLE (Flyball, 4D, EV 85.0 MPH)
Alain Delhaye to second
Batting: RHB Mike Harkins 0-0: Foul Ball, location: 2F
0-1: Ball
1-1: Ball
2-1: Ball
3-1: Base on Balls
Alain Delhaye to third
Bjoern Waltersson to second
Batting: RHB Avery Maxwell 0-0: Called Strike
0-1: Swinging Strike
0-2: Ball
1-2: Strikes out swinging
Batting: LHB James McCauley 0-0: Called Strike
0-1: SINGLE (Line Drive, 89S, EV 105.6 MPH)
Alain Delhaye scores
Bjoern Waltersson to third
Mike Harkins to second
Batting: LHB Javier Trujillo 0-0: Ball
1-0: SINGLE (Groundball, 34S, EV 70.6 MPH) (infield hit)
Bjoern Waltersson scores
Mike Harkins to third
James McCauley to second
Batting: RHB Ruben Velasco 0-0: Grounds into double play, U4-3 (Groundball, 6M, EV 102.5 MPH)
Bottom of the 5th over - 3 runs, 4 hits, 0 errors, 2 left on base; Boston 0 - California 8
TOP OF THE 6TH
Boston Red Sox batting - Pitching for California Angels : RHP Harambe Vick
Batting: LHB Zack Guillen 0-0: Ball
1-0: Ball
2-0: Foul Ball, location: 2F
2-1: Swinging Strike
2-2: Foul Ball, location: 2F
2-2: Foul Ball, location: 2F
2-2: Strikes out swinging
Batting: LHB Tim Fuller 0-0: Called Strike
0-1: Foul Ball, location: 2F
0-2: Strikes out swinging
Batting: RHB Joe Sandoval 0-0: Ball
1-0: Called Strike
1-1: Foul Ball, location: 2F
1-2: Ball
2-2: Strikes out looking
Top of the 6th over - 0 runs, 0 hits, 0 errors, 0 left on base; Boston 0 - California 8
BOTTOM OF THE 6TH
California Angels batting - Pitching for Boston Red Sox : RHP Jon Mercado
Batting: RHB Nick Dunn 0-0: Called Strike
0-1: Foul Ball, location: 2F
0-2: Strikes out swinging
Batting: RHB Preston Deakyne 0-0: Ball
1-0: Ball
2-0: Called Strike
2-1: Fly out, F8 (Flyball, 8RM, EV 85.0 MPH)
Batting: RHB Alain Delhaye 0-0: Called Strike
0-1: Foul Ball, location: 2F
0-2: Strikes out swinging
Bottom of the 6th over - 0 runs, 0 hits, 0 errors, 0 left on base; Boston 0 - California 8
TOP OF THE 7TH
Boston Red Sox batting - Pitching for California Angels : RHP Harambe Vick
Batting: RHB Nick Esteves 0-0: Called Strike
0-1: Ball
1-1: Foul Ball, location: 2F
1-2: Ground out 1-3 (Groundball, P, EV 75.6 MPH)
Batting: RHB Cesar Breceda 0-0: SOLO HOME RUN (Flyball, 78XD, EV 97.5 MPH), Distance : 401 ft
Batting: LHB Jarrett Mordecai 0-0: Foul Ball, location: 2F
0-1: Called Strike
0-2: Ball
1-2: Ball
2-2: Strikes out looking
Batting: RHB David Price Jr. 0-0: Called Strike
0-1: Swinging Strike
0-2: Strikes out swinging
Top of the 7th over - 1 run, 1 hit, 0 errors, 0 left on base; Boston 1 - California 8
BOTTOM OF THE 7TH
California Angels batting - Pitching for Boston Red Sox : RHP Jon Mercado
Pitching: LHP Adam Schneidewind
Batting: RHB Bjoern Waltersson 0-0: Called Strike
0-1: Ball
1-1: Swinging Strike
1-2: Ground out 5-3 (Groundball, 5, EV 101.9 MPH)
Batting: RHB Mike Harkins 0-0: SOLO HOME RUN (Flyball, 9D, EV 97.5 MPH), Distance : 377 ft
Batting: RHB Avery Maxwell 0-0: Called Strike
0-1: Called Strike
0-2: Strikes out looking
Batting: LHB James McCauley 0-0: Called Strike
0-1: Fly out, F8 (Flyball, 8RXD, EV 108.8 MPH)
Bottom of the 7th over - 1 run, 1 hit, 0 errors, 0 left on base; Boston 1 - California 9
TOP OF THE 8TH
Boston Red Sox batting - Pitching for California Angels : RHP Harambe Vick
Batting: RHB Josh Froyd 0-0: Ball
1-0: Foul Ball, location: 2F
1-1: Called Strike
1-2: Strikes out swinging
Batting: SHB Marvin Lawrence 0-0: Ball
1-0: Ball
2-0: Ball
3-0: Base on Balls
Batting: LHB Zack Guillen 0-0: Hit by Pitch
Marvin Lawrence to second
Batting: LHB Tim Fuller 0-0: Ball
1-0: Ball
2-0: Called Strike
2-1: Ball
3-1: Grounds into double play, 6-4-3 (Groundball, 6, EV 88.8 MPH)
Top of the 8th over - 0 runs, 0 hits, 0 errors, 1 left on base; Boston 1 - California 9
BOTTOM OF THE 8TH
California Angels batting - Pitching for Boston Red Sox : LHP Adam Schneidewind
Pinch Hitting: LHB Jonathon Walton 0-0: Ball
1-0: Swinging Strike
1-1: Foul Ball, location: 2F
1-2: Ball
2-2: Strikes out looking
Batting: RHB Ruben Velasco 0-0: Swinging Strike
0-1: Foul Ball, location: 2F
0-2: Ball
1-2: Ball
2-2: Ball
3-2: SINGLE (Groundball, 6MD, EV 103.1 MPH)
Pitching: RHP Billy Fitzgerald
Batting: RHB Nick Dunn 0-0: Called Strike
0-1: Called Strike
0-2: Ball
1-2: Ball
2-2: Foul Ball, location: 2F
2-2: Fly out, F7 (Flyball, 7, EV 88.8 MPH)
Batting: RHB Preston Deakyne 0-0: Ball
1-0: Foul Ball, location: 2F
1-1: Swinging Strike
1-2: Foul Ball, location: 2F
1-2: Ball
2-2: Fly out, F8 (Flyball, 8LD, EV 87.5 MPH)
Bottom of the 8th over - 0 runs, 1 hit, 0 errors, 1 left on base; Boston 1 - California 9
TOP OF THE 9TH
Boston Red Sox batting - Pitching for California Angels : RHP Harambe Vick
Now at 1B: Jonathon Walton
Batting: RHB Joe Sandoval 0-0: Ball
1-0: Called Strike
1-1: Ball
2-1: DOUBLE (Line Drive, 78XD, EV 102.5 MPH)
Pitching: RHP Pete Rance
Batting: RHB Nick Esteves 0-0: Called Strike
0-1: Fly out, F7 (Flyball, 7, EV 73.8 MPH)
Batting: RHB Cesar Breceda 0-0: Foul Ball, location: 2F
0-1: Foul Ball, location: 2F
0-2: Strikes out looking
Batting: LHB Jarrett Mordecai 0-0: Ball
1-0: Ball
2-0: Called Strike
2-1: Fly out, F8 (Flyball, 78M, EV 78.8 MPH)
Top of the 9th over - 0 runs, 1 hit, 0 errors, 1 left on base; Boston 1 - California 9
Tuesday, March 28th , 2023 - OOTP Baseball 23.10 Build 110